 Dungeon Crawl Stone Soup version 0.29-a0-483-g69413ace17 (webtiles) character file.

Game seed: 6281893648252571450

18 happo123 the Shield-Bearer (level 2, -3/29 HPs)
             Began as a Troll Fighter on May 25, 2022.
             Slain by a gnoll
             ... wielding a +0 halberd
              (11 damage)
             ... on level 2 of the Dungeon.
             The game lasted 00:03:14 (972 turns).

happo123 the Shield-Bearer (Troll Fighter)           Turns: 972, Time: 00:03:15

Health: -3/29      AC:  4    Str: 23    XL:     2   Next: 51%
Magic:  1/1        EV:  8    Int:  4    God:
Gold:   96         SH:  7    Dex:  9    Spells: 1/1 levels left

rFire   . . .      SeeInvis .     - Unarmed
rCold   . . .      Faith    .   b - +0 kite shield
rNeg    . . .      Spirit   .   a - +0 robe
rPois   .          Reflect  .   (helmet restricted)
rElec   .          Harm     .   (no cloak)
rCorr   .          Rampage  .   (gloves unavailable)
Will    .....                   (boots unavailable)
Stlth   +.........              d - amulet of the acrobat
HPRegen 0.89/turn               (no ring)
MPRegen 0.07/turn               (no ring)

@: no status effects
A: large, unfitting armour, claws 3, regeneration 1, shaggy fur 1, tough skin 1
a: no special abilities


You were on level 2 of the Dungeon.
You visited 1 branch of the dungeon, and saw 2 of its levels.

You collected 96 gold pieces.

Inventory:

Armour
 a - a +0 robe (worn)
 b - a +0 kite shield (worn)
Jewellery
 d - an amulet of the acrobat (around neck)
Scrolls
 e - a scroll of identify {unknown}
 h - 2 scrolls of noise {unknown}
 j - a scroll of silence {unknown}
Potions
 c - 3 potions of might
 f - a potion of degeneration {unknown}
 g - a potion of curing {unknown}
 i - a potion of heal wounds {unknown}


   Skills:
 * Level 2.6 Fighting
 + Level 0.1 Armour
 + Level 2.6 Dodging
 + Level 2.9 Shields
 + Level 2.2 Unarmed Combat


You had one spell level left.
You didn't know any spells.
Your spell library was empty.

Dungeon Overview and Level Annotations

Branches:
Dungeon (2/15)

Altars:


Innate Abilities, Weirdness & Mutations

You are too large for most types of armour.
You have claws for hands.
Your natural rate of healing is unusually fast.
You are covered in fur. (AC +1)
You have tough skin. (AC +1)


Message History

You block the hobgoblin's attack.
You completely miss the hobgoblin.
The hobgoblin is lightly wounded.
The hobgoblin barely misses you.
You closely miss the hobgoblin.
The hobgoblin is lightly wounded.
The hobgoblin barely misses you.
You scratch the hobgoblin.
You kill the hobgoblin!
A ball python comes into view.
A ball python is nearby!
A hobgoblin comes into view.
Found a coppery potion.
The hobgoblin shouts!
A gnoll comes into view. It is wielding a +0 club.
You see here a scroll labelled NUPUOF AWASINU.
j - a scroll labelled NUPUOF AWASINU The gnoll shouts!
You hear a shout!
A gnoll comes into view. It is wielding a +0 halberd.
The gnoll shouts!
The gnoll throws a throwing net.
You block the throwing net.
A gnoll comes into view. It is wielding a +0 whip.
You see here a throwing net.
You barely miss the ball python. The ball python bites you.
The hobgoblin hits you. You block the ball python's attack.
You closely miss the ball python. You block the hobgoblin's attack.
The ball python barely misses you.
You closely miss the ball python. You block the hobgoblin's attack.
The gnoll hits you from afar with a +0 halberd.
The ball python bites you but does no damage.
You claw the ball python!
You kill the ball python!
The gnoll hits you from afar with a +0 halberd!
The hobgoblin closely misses you.
You claw the hobgoblin!
You kill the hobgoblin!
The gnoll hits you from afar with a +0 halberd.
* * * LOW HITPOINT WARNING * * *
The gnoll hits you from afar with a +0 halberd!
You die...

..........##........#
..........##........####
..........##............
#####.######............
#.## ##............
#..###..).....!....
##.....##.#.#......
#....###....†.#
##.##.##...##@##
##..##.#....##g#
##..###.....###.g ##..##
#.†#..# #g..
...####..##..# ###..
#.......###...# ...
..####### #.### .... .##
#.# .... ## #.#


You could see 3 gnolls.

Vanquished Creatures
  An endoplasm (D:1)
  2 giant cockroaches (D:1)
  3 goblins
  3 hobgoblins
  4 ball pythons
  A bat (D:1)
  A frilled lizard (D:1)
  A kobold (D:1)
  3 rats (D:1)
19 creatures vanquished.

Notes
Turn   | Place    | Note
-------+----------+-------------------------------------------
     0 | D:1      | happo123 the Troll Fighter began the quest for the Orb.
     0 | D:1      | Reached XP level 1. HP: 22/22 MP: 0/0
   316 | D:1      | Reached XP level 2. HP: 29/29 MP: 1/1
   972 | D:2      | Slain by a gnoll

Illustrated notes

Levels and vault maps discovered:
D:1:      amcnicky_arrival_single_pillar, layout_basic, minmay_door_square
D:2:      layout_rooms, shapermc_ecumenical_altar_mp_highgroup,
          minmay_tromino_i4, uniq_jessica

Action                   || total
-------------------------++-------
Melee: Unarmed           ||    56
Armor: Robe              ||    12
Dodge: Dodged            ||    20
Block: Kite shield       ||    17

Table legend: (Time is in decaauts)
 A = Elapsed time spent in this place.
 B = Non-inter-level travel time spent in this place.
 C = Inter-level travel time spent in this place.
 D = Time resting spent in this place.
 E = Time spent auto-exploring this place.
 F = Levels seen in this place.
 G = Mean time per level.
                   A        B        C        D        E       F      G
               +--------+--------+--------+--------+--------+-----+--------+
         Total |    977 |    926 |     51 |      0 |    777 |   2 |  488.5 |
       Dungeon |    977 |    926 |     51 |      0 |    777 |   2 |  488.5 |
               +--------+--------+--------+--------+--------+-----+--------+

Top non-repeatable levels by time:
     D:1: 909 daAuts
     D:2: 67 daAuts
